 Dungeon Crawl Stone Soup version 0.27-a0-1105-g946c659c87 (webtiles) character file.

Game seed: 8838912281167400850

85689 DogServant the Carver (level 15, -7/118 HPs)
             Began as a Djinni Ice Elementalist on Apr 28, 2021.
             Was a Believer of Ashenzari.
             Mangled by a skeletal warrior
             ... wielding a +0 mace
             ... led by a skeletal warrior
              (15 damage)
             ... on level 13 of the Dungeon on Apr 29, 2021.
             The game lasted 02:15:21 (22438 turns).

DogServant the Carver (Djinni Ice Elementalist)    Turns: 22438, Time: 02:15:23

Health: -7/118     AC: 16    Str: 10    XL:     15   Next: 84%
Gold:   1037       EV:  7    Int: 18    God:    Ashenzari [**....] SH: 12 Dex: 16

rFire    + + +     SeeInvis +   Z - +3 scimitar (flame)
rCold    x . .     Faith    .   J - +0 buckler
rNeg     + . .     Spirit   .   k - +2 chain mail {Will+}
rPois    ∞         Reflect  +   r - +0 helmet "Share My Secrets" {Self, Fort} (curse)
rElec    .         Harm     .   n - +0 cloak of Ashenzari's Stars {Melee, Self} (curse)
rCorr    .         Rampage  .   e - +0 pair of gloves "Shackled Together" {Self, Cun} (curse)
Will     ++...                  (boots unavailable)
Stlth    ..........             X - amulet of reflection
HPRegen  0.29/turn              O - ring of wizardry
MPRegen  0.00/turn              q - ring of Muymomn {rF+ rN+}

@: flying
A: fire resistance 2, cold vulnerability 1, float, innate caster, hp casting,
extra vitality 1
a: Renounce Religion, Curse Item, Shatter the Chains


You were on level 13 of the Dungeon.
You worshipped Ashenzari.
Ashenzari was pleased with you.
You visited 4 branches of the dungeon, and saw 22 of its levels.
You visited 1 bazaar.
You also visited: Sewer.

You collected 3036 gold pieces.
You spent 1999 gold pieces at shops.

Inventory:

Hand Weapons
 a - a +3 long sword of venom
 K - a +1 vampiric long sword
 Z - a +3 scimitar of flaming (weapon)
Missiles
 u - 357 stones
 A - a curare-tipped dart
 D - a throwing net
 L - 7 atropa-tipped darts
 W - 11 boomerangs of dispersal
Armour
 e - the cursed +0 pair of gloves "Shackled Together" (worn) {Self, Cun}
   (You found it on level 10 of the Dungeon)

   It has a curse which improves the following skills: Introspection: Fighting
   and Spellcasting.
   Cunning:   Dodging and Stealth.
 k - a +2 chain mail of willpower (worn)
 n - the cursed +0 cloak of Ashenzari's Stars (worn) {Melee, Self}
   (You found it on level 2 of the Dungeon)

   It has a curse which improves the following skills: Melee Combat: Short
   Blades, Long Blades, Axes, Maces & Flails, Polearms, Staves and Unarmed
   Combat.
   Introspection: Fighting and Spellcasting.
 r - the cursed +0 helmet "Share My Secrets" (worn) {Self, Fort}
   (You bought it in a shop on level 6 of the Dungeon)

   It has a curse which improves the following skills: Introspection: Fighting
   and Spellcasting.
   Fortitude: Armour and Shields.
 y - the +6 scale mail "Bakaepro" {Int+3}
   (You bought it in a shop in a bazaar)

   It affects your intelligence (+3).
 E - the +4 kite shield of the Stonemason {Will+ Str+5 Dex-4}
   (You acquired it on level 4 of the Lair of Beasts)

   It affects your strength (+5).
   It affects your dexterity (-4).
   It increases your willpower.
 I - a +2 robe of resistance
 J - a +0 buckler (worn)
Jewellery
 p - an amulet of regeneration
 q - the ring of Muymomn (right hand) {rF+ rN+}
   (You acquired it on level 11 of the Dungeon)

   [ring of protection from fire]

   It protects you from fire.
   It protects you from negative energy.
 s - a ring of resist corrosion
 O - a ring of wizardry (left hand)
 R - the ring "Dosho Firch" {Fire rN+ SInv}
   (You found it on level 3 of the Lair of Beasts)

   [ring of fire]

   It enhances your fire magic.
   It protects you from fire.
   It makes you vulnerable to cold.
   It protects you from negative energy.
   It lets you see invisible.
 S - the ring of Huntag {rElec rCorr Str+6 Int-2 Dex-3}
   (You found it on level 3 of the Lair of Beasts)

   [ring of resist corrosion]

   It affects your strength (+6).
   It affects your intelligence (-2).
   It affects your dexterity (-3).
   It insulates you from electricity.
   It protects you from acid and corrosion.
 X - an amulet of reflection (around neck)
Wands
 m - a wand of flame (30)
 w - a wand of acid (18) (quivered)
 x - a wand of iceblast (16)
 F - a wand of mindburst (6)
 H - a wand of charming (7)
 M - a wand of paralysis (5)
 Y - a wand of polymorph (12)
Scrolls
 d - 15 scrolls of teleportation
 g - 4 scrolls of blinking
 i - a scroll of holy word
 j - a scroll of fog
 t - a scroll of immolation
 v - 2 scrolls of magic mapping
 B - a scroll of fear
 N - 4 scrolls of enchant armour
 P - a scroll of silence
 U - 3 scrolls of enchant weapon
 V - a scroll of summoning
Potions
 b - 12 potions of curing
 f - 3 potions of invisibility
 h - 2 potions of attraction
 l - 4 potions of haste
 o - 2 potions of might
 z - 3 potions of ambrosia
 C - 4 potions of heal wounds
 G - a potion of mutation
 Q - a potion of brilliance
 T - 3 potions of resistance


   Skills:
 - Level 12.0(14.7) Fighting
 - Level 13.0(14.2) Long Blades
 - Level 5.5(7.0) Armour
 - Level 6.5(8.0) Dodging
 - Level 5.1(6.5) Stealth
 + Level 8.9(10.3) Shields
 - Level 12.5(15.2) Spellcasting
 - Level 3.1 Evocations


You had 3 spell levels left.
You knew the following spells:

 Your Spells              Type           Power      Damage    Failure   Level
a - Freeze                Ice            100%       1d11      1%          1
b - Frozen Ramparts       Ice            100%       1d12      1%          3
c - Ozocubu's Armour      Ice            62%        N/A       1%          3
d - Hailstorm             Conj/Ice       62%        3d13      1%          4
e - Metabolic Englaciati  Hex/Ice        31%        N/A       4%          5
f - Sandblast             Erth           100%       2d20      1%          1
g - Static Discharge      Conj/Air       62%        N/A       1%          2
h - Mephitic Cloud        Conj/Pois/Air  62%        N/A       1%          3
i - Confusing Touch       Hex            62%        N/A       1%          3
j - Agony                 Necr           62%        N/A       4%          5
k - Borgnjor's Vile Clut  Necr/Erth      31%        N/A       4%          5
l - Eringya's Noxious Bo  Tmut/Pois      31%        N/A       24%         6
Your spell library was empty.

Dungeon Overview and Level Annotations

Branches:
Dungeon (13/15)            Temple (1/1) D:5            Lair (6/6) D:11
  Swamp (0/4) Lair:2        Snake (0/4) Lair:4        Slime (0/5) Lair:6
    Orc (2/2) D:12            Elf (0/3) Orc:2         Sewer (visited)
 Vaults: D:13-14

Altars:
Ashenzari
Cheibriados
Dithmenos
Elyvilon
Fedhas
Gozag
Hepliaklqana
Kikubaaqudgha
Makhleb
Nemelex Xobeh
Okawaru
Qazlal
Ru
Sif Muna
Trog
Uskayaw
Vehumet
Wu Jian
Xom
Yredelemnul
Zin
The Shining One
Beogh
Jiyva

Shops:
D:5 ?   D:6 [   D:9 (   Orc:2 *?:*

Annotations:
D:10 2 runed translucent doors


Innate Abilities, Weirdness & Mutations

You are immune to poison.
Your flesh is very heat resistant. (rF++)
You are vulnerable to cold. (rC-)
You float through the air rather than walking.
You learn spells naturally, not from books.
Your magical power is your life essence.
You have superior vitality. (+4 HP)


Message History

Press: ? - help, Shift-Dir - straight line, f - skeletal warrior
Aim: a skeletal warrior, wielding a +0 mace (lightly damaged, 100% to hit)
Zombie hands grab the skeletal warrior.
* * * LOW HITPOINT WARNING * * *
The zombie hands constrict the skeletal warrior!
The skeletal warrior struggles to escape constriction.
The zombie hands constrict the skeletal warrior!
The skeletal warrior struggles to escape constriction.
The zombie hands constrict the skeletal warrior, but do no damage.
The skeletal warrior struggles to escape constriction.
The zombie hands constrict the skeletal warrior!
The skeletal warrior struggles to escape constriction.
The zombie hands constrict the skeletal warrior.
The skeletal warrior struggles to escape constriction.
The zombie hands constrict the skeletal warrior!
The skeletal warrior escapes!
You start resting.
A skeletal warrior is nearby!
A skeletal warrior is nearby!
Casting: Borgnjor's Vile Clutch (dangerous; 4% risk of failure)
Confirm with . or Enter, or press ? or * to list all spells.
Aiming: Borgnjor's Vile Clutch (dangerous; 4% risk of failure)
Press: ? - help, Shift-Dir - straight line, f/p - skeletal warrior
Aim: a skeletal warrior, wielding a +0 mace (heavily damaged, 100% to hit)
Zombie hands grab the skeletal warrior.
* * * LOW HITPOINT WARNING * * *
The zombie hands constrict the skeletal warrior.
The skeletal warrior struggles to escape constriction.
The zombie hands constrict the skeletal warrior.
The skeletal warrior escapes!
Casting: Borgnjor's Vile Clutch (dangerous; 4% risk of failure)
Confirm with . or Enter, or press ? or * to list all spells.
Aiming: Borgnjor's Vile Clutch (dangerous; 4% risk of failure)
Press: ? - help, Shift-Dir - straight line, f/p - skeletal warrior
Aim: a skeletal warrior, wielding a +0 mace (severely damaged, 100% to hit)
Zombie hands grab the skeletal warrior.
* * * LOW HITPOINT WARNING * * *
The zombie hands constrict the skeletal warrior!
The skeletal warrior hits you with a +0 mace!
You die...

.######.........# #..>....#
* .'...##.......).#*
#.z.z...# .###..'...>.....#
#...zz..# ## ####.........+
*#'##### # #.........# *
#.zz..# ## ##...######
#####.# .# ###.######
####'## .# #......:.###
#.z.z.# '#### #........@.#
#z##### ....#
#.<......#z####{....#
....##..........#..).#.###.#
....#..#........####.).#...#
....'.##........# #####.#.#
....## #........# #.#.#.#**
* ##'## #........# #.#.#.+,
, ...# ##.####### #...#.#**
.### #...# ##'####


You could see a skeletal warrior (clutched).

Vanquished Creatures
  Gastronok (Lair:3)
  Azrael (D:13)
  Josephine (D:12)
  A boulder beetle (D:11)
  6 hydras
  2 centaur warriors
  A tengu warrior (D:12)
  4 two-headed ogres
  3 skeletal warriors (D:13)
  3 orc knights (Orc:2)
  An orange crystal statue (D:10)
  An ugly thing (D:12)
  2 deep elf pyromancers (D:12)
  A cyclops (D:12)
  2 manticores
  An orc sorcerer (Orc:2)
  16 elephants
  Maurice (D:10)
  4 black mambas
  28 cane toads
  A torpor snail (Lair:3)
  2 unseen horrors
  A rime drake (Lair:4)
  2 kobold demonologists (D:13)
  9 komodo dragons
  9 trolls
  A hornet (D:9)
  3 polar bears
  4 slime creatures (D:12)
  26 blink frogs
  Prince Ribbit (D:8)
  4 dream sheep
  Sigmund (D:2)
  3 shadows
  6 wyverns
  7 wraiths (D:12)
  28 yaks
  3 fire elementals (D:13)
  Eustachio (D:4)
  4 basilisks
  11 vampire mosquitoes
  6 wargs
  2 steam dragons
  4 acid dragons
  3 hell hounds (D:13)
  22 water moccasins
  24 orc warriors
  4 black bears
  3 ice beasts
  2 sky beasts
  2 necrophages
  6 wolves
  7 centaurs
  6 ogres
  A phantom (D:5)
  4 kobold brigands
  29 bullfrogs
  5 gnoll sergeants
  4 scorpions
  A wyvern zombie (D:8)
  2 water moccasin skeletons
  6 electric eels
  2 jellies
  6 orc priests
  A hound (D:7)
  2 gnoll shamans
  An iguana (D:7)
  14 orc wizards
  A hound zombie (D:5)
  2 howler monkey zombies
  Robin (D:3)
  A howler monkey skeleton (D:7)
  17 gnolls
  8 adders
  A worm (D:3)
  70 orcs
  7 ball pythons
  6 bats
  2 endoplasms (D:3)
  9 giant cockroaches
  9 hobgoblins
  3 jackals (D:3)
  4 quokkas
  7 frilled lizards
  20 goblins
  13 kobolds
  9 rats
566 creatures vanquished.

Vanquished Creatures (others)
  An orc warlord (Orc:2)
  2 orc sorcerers (Orc:2)
  4 orc knights (Orc:2)
  2 cane toads (Lair:6)
  2 kobold demonologists (D:13)
  3 tyrant leeches (Lair:6)
  A troll (Orc:2)
  A basilisk (D:12)
  2 wargs (Orc:2)
  14 orc warriors
  An orc priest (Orc:1)
  4 orc wizards
  21 orcs
  33 fungi
  97 plants
188 creatures vanquished.

Grand Total: 754 creatures vanquished

Notes
Turn   | Place    | Note
-------+----------+-------------------------------------------
     0 | D:1      | DogServant the Djinni Ice Elementalist began the quest for
                  | the Orb.
     0 | D:1      | Reached XP level 1. HP: 15/15 MP: 0/0
   298 | D:1      | Reached XP level 2. HP: 18/21 MP: 0/0
  1190 | D:2      | Reached XP level 3. HP: 20/26 MP: 0/0
  1190 | D:2      | Learned a level 1 spell: Sandblast
  1535 | D:2      | Found a faded altar of an unknown god.
  1578 | D:2      | Reached skill level 1 in Fighting
  1896 | D:2      | Noticed Sigmund
  2384 | D:3      | Noticed a scorpion
  2387 | D:3      | Killed a scorpion
  2388 | D:3      | Reached skill level 1 in Long Blades
  2388 | D:3      | Reached XP level 4. HP: 27/32 MP: 0/0
  2427 | D:3      | Reached skill level 2 in Long Blades
  2427 | D:3      | Reached XP level 5. HP: 37/37 MP: 0/0
  2427 | D:3      | Learned a level 2 spell: Static Discharge
  3046 | D:3      | Noticed Robin
  3055 | D:3      | Killed Robin
  3484 | D:2      | Found a faded altar of an unknown god.
  3625 | D:2      | Killed Sigmund
  3626 | D:2      | Reached skill level 5 in Spellcasting
  3626 | D:2      | Reached XP level 6. HP: 28/43 MP: 0/0
  4140 | D:4      | Found a glowing drain.
  4154 | Sewer    | Entered a sewer
  4311 | Sewer    | Reached XP level 7. HP: 31/49 MP: 0/0
  4311 | Sewer    | Learned a level 3 spell: Mephitic Cloud
  4314 | Sewer    | Reached skill level 3 in Long Blades
  4520 | D:4      | Noticed Eustachio
  4525 | D:4      | Killed Eustachio
  5092 | D:5      | Entered Level 5 of the Dungeon
  5139 | D:5      | Reached skill level 1 in Armour
  5168 | D:5      | Reached XP level 8. HP: 56/58 MP: 0/0
  5350 | D:5      | Found Lylur's Magic Scroll Shop.
  5354 | D:5      | Bought a scroll of teleportation for 45 gold pieces
  5705 | D:5      | Found a staircase to the Ecumenical Temple.
  5725 | Temple   | Entered the Ecumenical Temple
  5852 | Temple   | Became a worshipper of Ashenzari the Shackled
  6233 | D:6      | Found Nouclutsy's Armour Shop.
  6241 | D:6      | Bought a +0 helmet for 67 gold pieces
  6270 | D:5      | Reached skill level 4 in Long Blades
  6270 | D:5      | Reached skill level 5 in Dodging
  6398 | D:6      | Reached skill level 5 in Fighting
  6398 | D:6      | Reached XP level 9. HP: 19/65 MP: 0/0
  6398 | D:6      | Learned a level 3 spell: Confusing Touch
  6511 | D:6      | Reached skill level 5 in Long Blades
  7629 | D:8      | Found a bloodstained altar of Trog.
  7631 | D:8      | Noticed Prince Ribbit
  7687 | D:8      | Reached skill level 6 in Long Blades
  7694 | D:8      | Reached XP level 10. HP: 73/75 MP: 0/0
  7742 | D:8      | Killed Prince Ribbit
  8334 | D:9      | Reached skill level 7 in Long Blades
  8352 | D:9      | Identified the +11 halberd of Severance {freeze, rCorr}
  8400 | D:9      | Found a glowing silver altar of Zin.
  8406 | D:9      | Found a blossoming altar of Fedhas.
  8423 | D:9      | Found a basalt altar of Yredelemnul.
  8601 | D:9      | Reached * piety under Ashenzari
  8627 | D:9      | Found Qofones's Antique Weapon Boutique.
  9030 | D:10     | Entered Level 10 of the Dungeon
  9034 | D:10     | Found a shimmering altar of Xom.
  9107 | D:10     | Found a runed translucent door.
  9129 | D:10     | Reached XP level 11. HP: 50/82 MP: 0/0
  9129 | D:10     | Learned a level 5 spell: Agony
  9283 | D:10     | Found a runed translucent door.
  9295 | D:10     | Found a runed translucent door.
  9310 | D:10     | Found a runed translucent door.
  9356 | D:10     | Noticed Maurice
  9625 | D:11     | Identified a scroll of acquirement
  9668 | D:11     | Acquired the ring of Muymomn {rF+ rN+}
  9692 | D:11     | Noticed a two-headed ogre
  9721 | D:11     | Found a staircase to the Lair.
  9866 | D:11     | Noticed a boulder beetle
  9891 | D:11     | Killed a boulder beetle
  9892 | D:11     | Reached skill level 8 in Long Blades
  9939 | D:11     | Killed a two-headed ogre
 10064 | D:11     | Noticed a manticore
 10122 | Lair:1   | Entered Level 1 of the Lair of Beasts
 10133 | Lair:1   | Reached skill level 10 in Spellcasting
 10278 | Lair:1   | Identified the +3 chain mail "Put-Me-On" {rF++ Regen+
                  | Dex-3}
 10790 | Lair:2   | Reached XP level 12. HP: 81/91 MP: 0/0
 10979 | Lair:2   | Reached skill level 9 in Long Blades
 11135 | Lair:2   | Found a staircase to the Swamp.
 11715 | D:10     | HP: 1/91 [something (7)]
 11864 | D:10     | Killed Maurice
 12157 | Lair:3   | Noticed a five-headed hydra
 12162 | Lair:3   | Killed a five-headed hydra
 12237 | Lair:3   | Noticed a four-headed hydra
 12248 | Lair:3   | Killed a four-headed hydra
 12443 | Lair:3   | Noticed Gastronok
 12461 | Lair:3   | Killed Gastronok
 12462 | Lair:3   | Reached skill level 10 in Long Blades
 12530 | Lair:3   | Found a runed translucent door.
 12558 | Lair:3   | Reached skill level 10 in Fighting
 13054 | Lair:3   | Noticed a five-headed hydra
 13055 | Lair:3   | Identified the ring "Dosho Firch" {Fire rN+ SInv}
 13093 | Lair:3   | Identified the ring of Huntag {rElec rCorr Str+6 Int-2
                  | Dex-3}
 13098 | Lair:3   | Killed a five-headed hydra
 13101 | Lair:3   | Reached XP level 13. HP: 84/101 MP: 0/0
 13101 | Lair:3   | Learned a level 5 spell: Borgnjor's Vile Clutch
 13229 | Lair:4   | Reached skill level 11 in Long Blades
 13494 | Lair:4   | Found a staircase to the Snake Pit.
 13748 | Lair:4   | Acquired the +4 kite shield of the Stonemason {Will+ Str+5
                  | Dex-4}
 14031 | D:9      | Bought a runed great sword for 237 gold pieces
 14031 | D:9      | Bought a runed long sword for 162 gold pieces
 14035 | D:9      | Reached skill level 5 in Stealth
 14035 | D:9      | Reached XP level 14. HP: 110/110 MP: 0/0
 14342 | Lair:4   | Reached ** piety under Ashenzari
 15375 | Lair:5   | Identified the +10 shortbow "Wajogil" {speed, Dex+4}
 15971 | Lair:6   | Entered Level 6 of the Lair of Beasts
 15979 | Lair:5   | Reached skill level 12 in Long Blades
 16346 | Lair:6   | Reached XP level 15. HP: 118/118 MP: 0/0
 16346 | Lair:6   | Learned a level 6 spell: Eringya's Noxious Bog
 16481 | Lair:6   | Identified the +0 leather armour of Qulued {rN+}
 16529 | Lair:6   | Found a staircase to the Slime Pits.
 16607 | Lair:6   | Found a viscous altar of Jiyva.
 16798 | Lair:6   | Acquired 634 gold pieces
 17167 | Lair:6   | Reached skill level 13 in Long Blades
 17911 | D:12     | Identified the ring "Foal" {Will- rCorr Dex+6}
 18005 | D:12     | Reached skill level 5 in Shields
 18235 | D:12     | Found a staircase to the Orcish Mines.
 18316 | Orc:1    | Entered Level 1 of the Orcish Mines
 18631 | Orc:2    | Entered Level 2 of the Orcish Mines
 18635 | Orc:2    | Noticed an orc warlord
 18672 | Orc:2    | Killed an orc warlord
 18767 | Orc:2    | Found a flickering gateway to a bazaar.
 18774 | Bazaar   | Entered a bazaar
 18780 | Bazaar   | Found Luilit's Distillery.
 18808 | Bazaar   | Found Xohim's Book Boutique.
 18808 | Bazaar   | Found Tuaheimp's General Store.
 18834 | Bazaar   | Found Conau's Assorted Antiques.
 18841 | Bazaar   | Bought a scroll of enchant armour for 120 gold pieces
 18841 | Bazaar   | Bought a crude scale mail for 144 gold pieces
 18841 | Bazaar   | Identified the +6 scale mail "Bakaepro" {Int+3} (You bought
                  | it in a shop in a bazaar)
 18874 | Bazaar   | Bought 2 potions of resistance for 280 gold pieces
 18874 | Bazaar   | Bought a potion of resistance for 140 gold pieces
 18874 | Bazaar   | Bought a potion of haste for 140 gold pieces
 18874 | Bazaar   | Bought a potion of might for 56 gold pieces
 18887 | Bazaar   | Bought a scroll labelled HUHYUT ZEFUGHY for 16 gold pieces
 18906 | Bazaar   | Bought a scroll of enchant weapon for 75 gold pieces
 19491 | Orc:2    | Found a staircase to the Elven Halls.
 19513 | Orc:2    | Found Cic Jyet's Assorted Antiques.
 19550 | Orc:2    | Found Simuseuc's Magic Scroll Shop.
 19575 | Orc:2    | Bought a scroll of enchant armour for 127 gold pieces
 19827 | Orc:2    | Found Vapus's General Store.
 19827 | Orc:2    | Found Puganeet's Book Emporium.
 19832 | Orc:2    | Bought an amulet of reflection for 390 gold pieces
 20890 | D:12     | Noticed Josephine
 20912 | D:12     | Killed Josephine
 21338 | D:12     | Reached skill level 5 in Armour
 21597 | D:13     | Noticed Azrael
 21616 | D:13     | Killed Azrael
 22410 | D:13     | HP: 5/118 [skeletal warrior/+0 battleaxe[a skeletal
                  | warrior] (21)]
 22438 | D:13     | Mangled by a skeletal warrior

Illustrated notes

Levels and vault maps discovered:
D:1:      wheals_arrival_shading, layout_loops_ring, minmay_pentomino_p2
D:2:      minmay_spotlight, layout_loops_ring,
          hellmonk_ecumenical_altar_arch_garden, basic_altar, minivault_4,
          grunt_decor_mini_mirrors, uniq_sigmund
D:3:      cheibrodos_greedy_goblins, layout_basic, uniq_robin
D:4:      layout_basic, portal_sewer_entry_a, grunt_decor_cap, uniq_eustachio
D:5:      layout_loops_cross, minmay_temple_entry_waves, serial_shops,
          nicolae_shop_behind_doors, eino_tiny_chamber,
          amcnicky_mini_rare_corridor_liquid
D:6:      layout_cave_pools, serial_shops, nicolae_shop_statue_plus
D:7:      layout_loops_ring, eino_tiny_chamber
D:8:      layout_basic, trog_ov_bears_minmay, minmay_holes, uniq_prince_ribbit1
D:9:      layout_irregular_city, grunt_temple_overflow_cloverleaf, serial_shops,
          nicolae_shop_behind_doors
D:10:     layout_long_grid, xom_teletrap_fun, minmay_statue_crystal_thing,
          uniq_maurice
D:11:     layout_gridville, lair_entry_dummy
D:12:     minmay_the_grid_square_5x5_3x3
          [minmay_the_grid_square_5x5_two_walls_b,
          minmay_the_grid_square_5x5_three_small,
          minmay_the_grid_square_5x5_n_small, minmay_the_grid_square_5x5_seven,
          minmay_the_grid_square_5x5_megaprize_hollow,
          minmay_the_grid_square_5x5_beaten_path,
          minmay_the_grid_square_5x5_six_small,
          minmay_the_grid_square_5x5_trominoes,
          minmay_the_grid_square_5x5_plus], layout_loops_corners,
          kennysheep_orc_monster_closet_entryway, drop_trap, uniq_josephine
D:13:     layout_roguey, grunt_vaults_entry_fortified, uniq_azrael
Temple:   minmay_temple_bridge_d
Lair:1:   layout_misc_corridors, grunt_forest_stairs_basic, minivault_23
Lair:2:   layout_roguey, swamp_mist_pool, serial_bayou_pond_b,
          nicolae_quartered_pool_little, infiniplex_staircase_pool
Lair:3:   layout_roguey, pf_torpor_hydra, grunt_megastairs_3, uniq_gastronok
Lair:4:   layout_cave_pods, dummy_snake_entry, lemuel_fruit_tree
Lair:5:   layout_small_grid, patterned_corridor, serial_bayou_shore_b
Lair:6:   minmay_lair_end_frog_pond, layout_gridlike, slime_altar_1,
          gammafunk_lair_bear_cave
Orc:1:    layout_caves
Orc:2:    st_orc_town, layout_caves, serial_shops, bzr_entry_dummy,
          nicolae_orc_stony_grotto

Skill      XL: |  1  2  3  4  5  6  7  8  9 10 11 12 13 14 15 |
---------------+----------------------------------------------+-----
Spellcasting   | 4 5 6 7 9 10 11 12 | 12.5
Dodging        | 3 5 6 |  6.5
Fighting       | 1 2 4 5 6 8 10 12 | 12.0
Long Blades    | 1 2 3 4 6 7 8 10 11 12 13 | 13.0
Stealth        | 2 3 4 5 |  5.1
Armour         | 1 3 5 |  5.5
Shields        | 3 8 |  8.9
Evocations     | 3 |  3.1

Action                   |  1- 3 |  4- 6 |  7- 9 | 10-12 | 13-15 || total
-------------------------+-------+-------+-------+-------+-------++-------
Melee: Falchion          |     7 |    79 |   150 |       |       ||   236
       Great sword       |       |       |    14 |   218 |   270 ||   502
       Long sword        |       |       |       |       |   250 ||   250
       Scimitar          |       |       |       |       |    39 ||    39
Throw: Dart              |     2 |     1 |       |       |       ||     3
 Cast: Freeze            |    55 |    24 |    26 |     3 |     2 ||   110
       Frozen Ramparts   |     6 |    11 |    31 |    29 |    76 ||   153
       Ozocubu's Armour  |     1 |     3 |    14 |    17 |    41 ||    76
       Static Discharge  |       |     1 |     5 |     1 |     1 ||     8
       Mephitic Cloud    |       |       |    12 |    19 |    10 ||    41
       Hailstorm         |       |       |    12 |    31 |    29 ||    72
       Sandblast         |       |       |     9 |   116 |   121 ||   246
       Metabolic Englaci |       |       |       |     7 |     6 ||    13
       Agony             |       |       |       |     1 |       ||     1
       Borgnjor's Vile C |       |       |       |       |    10 ||    10
       Eringya's Noxious |       |       |       |       |    20 ||    20
       Confusing Touch   |       |       |       |       |     1 ||     1
Invok: Curse Item        |       |       |     1 |     1 |     1 ||     3
Evoke: Wand              |     1 |     8 |    13 |       |    13 ||    35
  Use: Scroll            |       |     5 |     1 |     2 |     3 ||    11
       Potion            |       |       |       |       |     3 ||     3
 Stab: Sleeping          |     1 |     1 |     1 |     1 |     3 ||     7
       Confused          |       |       |     1 |     4 |     4 ||     9
       Distracted        |       |       |       |     1 |     1 ||     2
Armor: Robe              |    12 |    32 |    42 |     6 |       ||    92
       Acid dragon scale |       |       |       |   131 |   193 ||   324
       Chain mail        |       |       |       |       |    52 ||    52
       Scale mail        |       |       |       |       |    24 ||    24
Dodge: Dodged            |    31 |    88 |   136 |   224 |   350 ||   829
Block: Buckler           |       |       |       |       |    75 ||    75
       Reflection        |       |       |       |       |     2 ||     2
       Rpst.: Falchion   |     5 |    20 |    41 |       |       ||    66
       Great sword       |       |       |     2 |    53 |    73 ||   128
       Long sword        |       |       |       |       |    23 ||    23
       Scimitar          |       |       |       |       |     3 ||     3

Table legend: (Time is in decaauts)
 A = Elapsed time spent in this place.
 B = Non-inter-level travel time spent in this place.
 C = Inter-level travel time spent in this place.
 D = Time resting spent in this place.
 E = Time spent auto-exploring this place.
 F = Levels seen in this place.
 G = Mean time per level.
                   A        B        C        D        E       F      G
               +--------+--------+--------+--------+--------+-----+--------+
         Total |  22531 |  20870 |   1661 |   1087 |  15373 |  24 |  938.8 |
       Dungeon |  13775 |  12739 |   1036 |   1032 |   9305 |  13 | 1059.6 |
        Temple |    148 |    127 |     21 |      0 |    107 |   1 |  148.0 |
          Lair |   6540 |   6048 |    492 |     49 |   4703 |   6 | 1090.0 |
  Orcish Mines |   1687 |   1576 |    111 |      6 |   1085 |   2 |  843.5 |
        Bazaar |    152 |    152 |      0 |      0 |     71 |   1 |  152.0 |
         Sewer |    227 |    227 |      0 |      0 |    101 |   1 |  227.0 |
               +--------+--------+--------+--------+--------+-----+--------+

Top non-repeatable levels by time:
     D:2: 1961 daAuts
    D:12: 1795 daAuts
  Lair:4: 1393 daAuts
  Lair:5: 1207 daAuts
  Lair:6: 1203 daAuts
   Orc:2: 1177 daAuts
     D:1: 1110 daAuts
  Lair:3: 1089 daAuts
    D:11: 1070 daAuts
    D:10: 1049 daAuts
     D:5: 1019 daAuts
     D:3: 971 daAuts
    D:13: 957 daAuts
     D:9: 892 daAuts
  Lair:2: 876 daAuts
